General information
- name: BNet
- type: Ladder team game (AT/RT)
- host: Battle.net
- saver: ANGRY-JOE-NO.1
map: Deathknell
- players: 8
- length: 22:04
- speed: Fast
- version: 1.27 W3XP
- replay type: Public
» download(118 KB)
Players
team 1 (loser)
nobi (
orange | 75 APM | 1623 actions | 21:46)
3 Blademaster
2 Wind Walk
1 Critical Strike
2 Shadow Hunter
1 Healing Wave
1 Hex
» actions
| Assign group hotkey | 18 | |
| Basic commands | 2 | |
| Build / train | 72 | |
| Enter build submenu | 13 | |
| Enter hero's abilities submenu | 5 | |
| Give item / drop item | 2 | |
| Remove unit from queue | 2 | |
| Right click | 656 | |
| Select / deselect | 153 | |
| Select group hotkey | 622 | |
| Use ability | 78 | |
1623 total
» units
| Peon | 12 | |
| Grunt | 5 | |
| Ice Troll Berserker | 6 | |
| Ice Troll Trapper | 6 | |
| Tauren | 2 | |
| Rifleman | 5 | |
36 total
» upgrades
| Berserker Strength | 1 | |
| Reinforced Defenses | 1 | |
| Shaman Training | 2 | |
| Pulverize | 1 | |
| Armor | 1 | |
| Masonry | 1 | |
7 total
» buildings
| Altar of Storms | 1 | |
| Orc Burrow | 5 | |
| Voodoo Lounge | 1 | |
| Barracks | 1 | |
| Stronghold | 1 | |
| Fortress | 1 | |
| War Mill | 1 | |
| Spirit Lodge | 1 | |
| Tauren Totem | 2 | |
| Town Hall | 1 | |
| Keep | 1 | |
16 total
» build order
00:08 Altar of Storms
00:21 Orc Burrow
00:51 Voodoo Lounge
01:27 Barracks
01:43 Orc Burrow
02:52 Stronghold
05:27 Fortress
05:34 Orc Burrow
05:45 War Mill
07:04 Spirit Lodge
09:48 Tauren Totem
09:51 Tauren Totem
09:54 Orc Burrow
12:55 Orc Burrow
18:55 Town Hall
21:05 Keep
» items
| Healing Salve | 3 | |
| Lesser Clarity Potion | 8 | |
| Orb of Lightning | 3 | |
| Potion of Healing | 1 | |
| Scroll of Speed | 1 | |
16 total
ANGRY-JOE-NO.1 (
purple | 56 APM | 1241 actions | 22:04)
4 Blademaster
2 Wind Walk
2 Critical Strike
3 Shadow Hunter
1 Hex
2 Healing Wave
» actions
| Assign group hotkey | 19 | |
| Basic commands | 64 | |
| Build / train | 52 | |
| Enter build submenu | 20 | |
| Enter hero's abilities submenu | 7 | |
| Give item / drop item | 3 | |
| Remove unit from queue | 2 | |
| Right click | 508 | |
| Select / deselect | 109 | |
| Select group hotkey | 392 | |
| Use ability | 65 | |
1241 total
» units
| Peon | 13 | |
| Wind Rider | 5 | |
| Goblin Shredder | 1 | |
| Goblin Sapper | 3 | |
22 total
» upgrades
| Reinforced Defenses | 1 | |
| Envenomed Spears | 1 | |
| Ranged Weapons | 2 | |
| Armor | 2 | |
6 total
» buildings
| Altar of Storms | 1 | |
| Orc Burrow | 8 | |
| War Mill | 1 | |
| Voodoo Lounge | 1 | |
| Stronghold | 1 | |
| Watch Tower | 15 | |
| Beastiary | 3 | |
| Great Hall | 1 | |
| Fortress | 1 | |
32 total
» build order
00:07 Altar of Storms
00:24 Orc Burrow
01:05 War Mill
01:35 Voodoo Lounge
02:21 Stronghold
02:33 Orc Burrow
03:11 Watch Tower
03:13 Watch Tower
03:26 Watch Tower
03:49 Watch Tower
04:04 Orc Burrow
04:47 Beastiary
04:49 Beastiary
06:50 Great Hall
07:48 Orc Burrow
08:41 Fortress
09:18 Watch Tower
09:19 Watch Tower
09:19 Watch Tower
10:04 Watch Tower
10:04 Watch Tower
10:05 Watch Tower
10:10 Watch Tower
11:23 Beastiary
11:48 Watch Tower
11:48 Watch Tower
11:49 Watch Tower
11:49 Watch Tower
13:06 Orc Burrow
13:06 Orc Burrow
13:06 Orc Burrow
14:23 Orc Burrow
» items
| Healing Salve | 2 | |
| Lesser Clarity Potion | 1 | |
| Potion of Healing | 7 | |
10 total

»
WizardPrison (
pink | 49 APM | 1072 actions | 22:00)
3 Death Knight
2 Death Coil
1 Unholy Aura
» actions
| Assign group hotkey | 34 | |
| Basic commands | 85 | |
| Build / train | 54 | |
| ESC pressed | 11 | |
| Enter build submenu | 19 | |
| Enter hero's abilities submenu | 3 | |
| Remove unit from queue | 1 | |
| Right click | 247 | |
| Select / deselect | 179 | |
| Select group hotkey | 387 | |
| Use ability | 52 | |
1072 total
» units
| Acolyte | 8 | |
| Ghoul | 19 | |
| Crypt Fiend | 9 | |
36 total
» upgrades
| Creature Attack | 2 | |
| Web | 1 | |
| Burrow | 1 | |
| Creature Carapace | 1 | |
5 total
» buildings
| Ziggurat | 8 | |
| Altar of Darkness | 1 | |
| Crypt | 3 | |
| Tomb of Relics | 1 | |
| Nerubian Tower | 2 | |
| Graveyard | 1 | |
| Necropolis | 1 | |
| Halls of the Dead | 1 | |
| Spirit Tower | 4 | |
22 total
» build order
00:09 Ziggurat
00:15 Altar of Darkness
00:39 Crypt
00:58 Tomb of Relics
01:08 Ziggurat
01:43 Nerubian Tower
02:09 Graveyard
04:56 Necropolis
06:23 Halls of the Dead
06:37 Ziggurat
06:39 Ziggurat
06:45 Ziggurat
07:33 Ziggurat
07:36 Ziggurat
07:45 Spirit Tower
07:47 Spirit Tower
08:22 Spirit Tower
08:50 Crypt
09:01 Crypt
09:43 Ziggurat
09:52 Spirit Tower
13:08 Nerubian Tower
» items

»
Rage.5 (
green | 38 APM | 669 actions | 17:26)
2 Mountain King
1 Storm Bolt
1 Thunder Clap
1 Archmage
1 Blizzard
» actions
| Assign group hotkey | 10 | |
| Build / train | 41 | |
| Enter build submenu | 43 | |
| Enter hero's abilities submenu | 3 | |
| Right click | 316 | |
| Select / deselect | 172 | |
| Select group hotkey | 41 | |
| Use ability | 43 | |
669 total
» units
| Peasant | 9 | |
| Footman | 4 | |
| Rifleman | 6 | |
| Priest | 2 | |
| Gryphon Rider | 1 | |
22 total
» upgrades
| Swords | 1 | |
| Plating | 1 | |
| Gunpowder | 1 | |
| Lumber Harvesting | 1 | |
| Armor | 1 | |
| Priest Training | 1 | |
| Storm Hammers | 1 | |
7 total
» buildings
| Lumber Mill | 1 | |
| Altar of Kings | 1 | |
| Farm | 11 | |
| Barracks | 1 | |
| Arcane Vault | 1 | |
| Scout Tower | 10 | |
| Guard Tower | 4 | |
| Blacksmith | 1 | |
| Keep | 1 | |
| Arcane Tower | 1 | |
| Arcane Sanctum | 1 | |
| Town Hall | 1 | |
| Gryphon Aviary | 2 | |
| Castle | 1 | |
37 total
» build order
00:36 Lumber Mill
00:42 Altar of Kings
00:57 Farm
01:32 Farm
01:42 Barracks
02:15 Farm
03:04 Arcane Vault
03:37 Scout Tower
03:45 Scout Tower
04:14 Farm
04:18 Farm
04:28 Farm
04:43 Guard Tower
05:01 Blacksmith
05:05 Scout Tower
05:29 Scout Tower
05:32 Keep
05:41 Farm
05:47 Arcane Tower
06:08 Scout Tower
06:24 Farm
06:47 Scout Tower
06:56 Guard Tower
07:05 Scout Tower
07:38 Farm
07:44 Guard Tower
08:47 Arcane Sanctum
09:57 Guard Tower
11:02 Town Hall
11:39 Gryphon Aviary
12:03 Gryphon Aviary
12:59 Castle
13:10 Farm
13:33 Farm
15:16 Scout Tower
15:43 Scout Tower
15:50 Scout Tower
team 2 (winner)

»
xstop4noonex (
blue | 50 APM | 628 actions | 12:33)
3 Death Knight
2 Death Coil
1 Unholy Aura
» actions
| Assign group hotkey | 13 | |
| Basic commands | 89 | |
| Build / train | 30 | |
| ESC pressed | 9 | |
| Enter build submenu | 14 | |
| Enter hero's abilities submenu | 3 | |
| Right click | 235 | |
| Select / deselect | 101 | |
| Select group hotkey | 100 | |
| Use ability | 34 | |
628 total
» units
| Acolyte | 2 | |
| Ghoul | 5 | |
| Crypt Fiend | 9 | |
16 total
» upgrades
| Creature Attack | 1 | |
| Creature Carapace | 2 | |
| Web | 1 | |
4 total
» buildings
| Altar of Darkness | 1 | |
| Crypt | 1 | |
| Ziggurat | 5 | |
| Graveyard | 1 | |
| Nerubian Tower | 1 | |
| Tomb of Relics | 1 | |
| Spirit Tower | 1 | |
| Halls of the Dead | 1 | |
| Black Citadel | 1 | |
| Sacrificial Pit | 1 | |
| Boneyard | 4 | |
18 total
» build order
00:18 Altar of Darkness
00:27 Crypt
00:33 Ziggurat
01:02 Graveyard
01:29 Ziggurat
01:40 Nerubian Tower
02:10 Tomb of Relics
02:59 Ziggurat
03:41 Spirit Tower
05:44 Ziggurat
06:32 Halls of the Dead
07:54 Ziggurat
09:11 Black Citadel
09:19 Sacrificial Pit
11:41 Boneyard
11:44 Boneyard
11:45 Boneyard
11:48 Boneyard
» items

»
itsgood (
teal | 45 APM | 568 actions | 12:37)
3 Death Knight
2 Death Coil
1 Unholy Aura
1 Dreadlord
1 Sleep
1 Crypt Lord
1 Impale
» actions
| Assign group hotkey | 26 | |
| Basic commands | 26 | |
| Build / train | 35 | |
| ESC pressed | 5 | |
| Enter build submenu | 13 | |
| Enter hero's abilities submenu | 5 | |
| Give item / drop item | 3 | |
| Right click | 208 | |
| Select / deselect | 167 | |
| Select group hotkey | 48 | |
| Use ability | 32 | |
568 total
» units
| Acolyte | 2 | |
| Ghoul | 8 | |
| Abomination | 2 | |
12 total
» upgrades
| Unholy Armor | 2 | |
| Disease Cloud | 1 | |
| Unholy Strength | 1 | |
4 total
» buildings
| Crypt | 1 | |
| Ziggurat | 4 | |
| Altar of Darkness | 1 | |
| Tomb of Relics | 1 | |
| Graveyard | 1 | |
| Halls of the Dead | 1 | |
| Nerubian Tower | 1 | |
| Slaughterhouse | 2 | |
| Black Citadel | 1 | |
13 total
» build order
00:13 Crypt
00:20 Ziggurat
00:35 Altar of Darkness
01:12 Ziggurat
01:46 Tomb of Relics
02:07 Graveyard
02:37 Ziggurat
03:44 Halls of the Dead
04:49 Nerubian Tower
06:09 Slaughterhouse
06:10 Slaughterhouse
07:24 Black Citadel
10:40 Ziggurat
» items
| Rod of Necromancy | 1 | |
| Dust of Appearance | 3 | |
| Orb of Corruption | 1 | |
| Potion of Healing | 1 | |
| Scroll of Healing | 2 | |
8 total

»
beefytaco (
yellow | 28 APM | 397 actions | 14:14)
4 Paladin
2 Devotion Aura
2 Divine Shield
» actions
| Build / train | 45 | |
| Enter build submenu | 20 | |
| Enter hero's abilities submenu | 4 | |
| Right click | 157 | |
| Select / deselect | 140 | |
| Use ability | 31 | |
397 total
» units
| Peasant | 12 | |
| Footman | 9 | |
| Priest | 4 | |
| Knight | 3 | |
28 total
» upgrades
| Defend | 1 | |
| Swords | 2 | |
| Lumber Harvesting | 2 | |
| Plating | 1 | |
| Priest Training | 2 | |
| Animal War Training | 1 | |
9 total
» buildings
| Altar of Kings | 1 | |
| Farm | 11 | |
| Barracks | 2 | |
| Lumber Mill | 2 | |
| Keep | 2 | |
| Blacksmith | 1 | |
| Town Hall | 2 | |
| Arcane Sanctum | 1 | |
| Castle | 1 | |
23 total
» build order
00:25 Altar of Kings
00:37 Farm
00:54 Barracks
01:44 Farm
02:02 Barracks
02:21 Farm
02:37 Lumber Mill
03:08 Keep
03:15 Blacksmith
04:18 Farm
05:13 Farm
05:48 Town Hall
06:32 Arcane Sanctum
07:32 Castle
08:06 Farm
08:48 Farm
09:24 Farm
10:08 Farm
10:53 Farm
10:59 Lumber Mill
12:08 Town Hall
13:23 Keep
13:49 Farm
Hit1er (
red | 31 APM | 677 actions | 22:04)
3 Death Knight
2 Death Coil
1 Unholy Aura
» actions
| Assign group hotkey | 8 | |
| Basic commands | 15 | |
| Build / train | 50 | |
| ESC pressed | 1 | |
| Enter build submenu | 15 | |
| Enter hero's abilities submenu | 3 | |
| Remove unit from queue | 1 | |
| Right click | 262 | |
| Select / deselect | 151 | |
| Select group hotkey | 129 | |
| Use ability | 42 | |
677 total
» units
| Acolyte | 2 | |
| Ghoul | 4 | |
| Meatwagon | 11 | |
17 total
» upgrades
| Creature Attack | 1 | |
| Creature Carapace | 1 | |
| Unholy Strength | 3 | |
| Unholy Armor | 4 | |
9 total
» buildings
| Graveyard | 1 | |
| Crypt | 1 | |
| Ziggurat | 5 | |
| Altar of Darkness | 1 | |
| Nerubian Tower | 1 | |
| Spirit Tower | 3 | |
| Halls of the Dead | 2 | |
| Tomb of Relics | 1 | |
| Slaughterhouse | 2 | |
| Black Citadel | 1 | |
18 total
» build order
00:12 Graveyard
00:25 Crypt
00:40 Ziggurat
01:05 Altar of Darkness
02:13 Ziggurat
02:17 Ziggurat
02:32 Nerubian Tower
03:11 Spirit Tower
03:28 Ziggurat
04:01 Halls of the Dead
04:01 Halls of the Dead
04:42 Ziggurat
05:01 Spirit Tower
05:30 Tomb of Relics
05:37 Spirit Tower
06:33 Slaughterhouse
06:37 Slaughterhouse
11:28 Black Citadel
» items
| Scroll of Town Portal | 6 | |
| Potion of Healing | 2 | |
| Orb of Corruption | 2 | |
| Potion of Mana | 2 | |
12 total
Chat log
(00:11 / All) ANGRY-JOE-NO.1: red
(00:12 / Allies) nobi: szalut
(00:18 / All) Hit1er: WHAT THE FUCK DO YOU WANT
(00:20 / All) ANGRY-JOE-NO.1: incredible game yesterday vs RED lawl . he was pissed
(00:21 / All) WizardPrison: LOL
(00:27 / All) Hit1er: hmmm?
(00:30 / All) Hit1er: what happened
(00:36 / All) ANGRY-JOE-NO.1: the game on deadlands. he was talking shit to u
(00:43 / All) Hit1er: the jew?
(00:45 / All) ANGRY-JOE-NO.1: ye
(00:47 / All) ANGRY-JOE-NO.1: the jew
(00:47 / All) Hit1er: LOL
(00:48 / All) Hit1er: yes
(00:49 / All) Hit1er: raped him
(00:53 / All) Hit1er: that was a gg
(00:54 / All) ANGRY-JOE-NO.1: i whispered him he was pissed
(00:58 / All) Hit1er: hahaha
(01:01 / All) Hit1er: were you on my team?
(01:12 / All) ANGRY-JOE-NO.1: i wsa the bloodmage harasser with no units
(01:18 / All) Hit1er: nicee
(01:22 / All) Hit1er: lol you were teal i think
(01:30 / All) Hit1er: yeah that guy got cucked hard
(01:32 / All) ANGRY-JOE-NO.1: oj was pissed at me. said i mh'd cuz I didnt let him expo all game
(02:16 / All) ANGRY-JOE-NO.1: cant stump the trump yo
(02:21 / All) Hit1er: yeeee
(02:25 / All) WizardPrison: swag
(03:31 / Allies) ANGRY-JOE-NO.1: u take
(04:40 / Allies) nobi: green comme harras
(05:51 / Allies) ANGRY-JOE-NO.1: can i get shredder dawg
(06:57 / All) Hit1er: purp, do you want to join the cult of the Gordita?
(07:03 / All) ANGRY-JOE-NO.1: ya
(07:05 / All) Hit1er: me and pink are each operatives
(07:08 / All) Hit1er: cool
(07:10 / All) WizardPrison: you're in.
(07:16 / All) ANGRY-JOE-NO.1: i do standoffs all the time
(07:20 / All) Hit1er: nice
(07:30 / All) Hit1er: we'll add you to our ally list
(07:36 / All) Hit1er: when we get on and see you we'll whisper
(07:48 / All) Hit1er: we have many accounts
(08:05 / All) ANGRY-JOE-NO.1: well i play on new accts mostly
(08:16 / All) WizardPrison: oh well :B
(08:22 / All) Hit1er: hmm ok
(08:27 / All) WizardPrison: just say
(08:30 / All) WizardPrison: "hitler?"
(08:33 / All) WizardPrison: "is that you?"
(08:35 / All) Hit1er: hahaha
(08:37 / All) Hit1er: ye
(08:37 / All) ANGRY-JOE-NO.1: aight
(08:47 / All) ANGRY-JOE-NO.1: wut channel we search in
(08:55 / All) Hit1er: undead necropolis
(09:25 / All) WizardPrison: NONE OF YOU OTHER CUCKS CAN USE THAT CALL SIGN
(09:29 / All) WizardPrison: YA HURD?
(09:47 / All) ANGRY-JOE-NO.1: making 4v4 great again
(09:53 / All) Hit1er: yes
(10:07 / All) Hit1er: the wall just got 10 ft higher
(12:00 / All) itsgood: ...
(12:04 / All) WizardPrison: LOL
(12:21 / All) itsgood: well red tks
(12:27 / All) beefytaco: just end it
(12:28 / All) WizardPrison: its not true!
(12:30 / All) Hit1er: loooool!
(12:52 / Allies) WizardPrison: DESTROY ORANGE
(13:23 / Allies) nobi: pfff noob
(13:29 / All) ANGRY-JOE-NO.1: DIE ORANGE
(13:36 / All) nobi: why ?
(13:40 / All) WizardPrison: because your a jew.
(13:44 / All) ANGRY-JOE-NO.1: ORANGE MADE FUN OFMY MOTHER
(13:46 / All) ANGRY-JOE-NO.1: KILL HIM
(13:46 / All) nobi: lol
(13:48 / All) Hit1er: LOOOOOL
(13:49 / Allies) nobi: noob
(14:02 / All) ANGRY-JOE-NO.1: nobody talks bad about my mother oj
(15:57 / All) WizardPrison: this is what multiculturalism gets you orange.
(16:06 / All) Hit1er: LOL
(16:23 / Allies) WizardPrison: he's with us jackass
(16:27 / Allies) ANGRY-JOE-NO.1: oh
(16:28 / Allies) ANGRY-JOE-NO.1: green?
(16:58 / Allies) Rage.5: figures
(17:02 / All) ANGRY-JOE-NO.1: for trump
(17:03 / Allies) WizardPrison: fuck you jew
(17:07 / All) Hit1er: TRUMP
(17:19 / Allies) Rage.5: youre an asshole purple
(17:22 / All) ANGRY-JOE-NO.1: trump will make 4v4 great again green
(17:25 / All) ANGRY-JOE-NO.1: just business green
(17:28 / All) ANGRY-JOE-NO.1: nothing personal
(17:32 / All) Hit1er: green is a mad lad
(17:48 / All) ANGRY-JOE-NO.1: i put 2 players in a 34 hour standoff game a couple weeks ago with my friends help
(17:57 / All) Hit1er: damn nice
(18:04 / All) ANGRY-JOE-NO.1: i take it you guys know what standoffs are
(18:09 / All) Hit1er: ye
(18:11 / All) WizardPrison: not by that name
(18:12 / All) WizardPrison: but yes
(18:22 / All) nobi: 2tk
(18:25 / All) ANGRY-JOE-NO.1: lawl
(18:35 / All) nobi: i loose cause of retard
(18:40 / All) Hit1er: yes
(18:43 / All) Hit1er: your anus is loose
(18:44 / All) Hit1er: from retards
(18:45 / All) ANGRY-JOE-NO.1: u lose because we willed it
(18:46 / All) Hit1er: got it
(18:59 / All) ANGRY-JOE-NO.1: we passed judgement on you orange
(19:06 / All) Hit1er: orange is out
(19:07 / All) ANGRY-JOE-NO.1: the only way for you to win is to gift us amazon gift cards
(19:07 / All) Hit1er: low energy
(19:25 / All) WizardPrison: pay up, chump.
(19:34 / All) ANGRY-JOE-NO.1: or steam cards, ur pick orange.
(19:51 / All) ANGRY-JOE-NO.1: this pricks bm is still alive
(19:53 / All) ANGRY-JOE-NO.1: wow
(20:08 / All) Hit1er: REKT CUCK
(20:15 / All) ANGRY-JOE-NO.1: if only this map had tp staffs on it
(20:29 / All) Hit1er: yea
(20:49 / All) ANGRY-JOE-NO.1: have you guys been doing this for years? Only once have i been put it a standoff in a rnadom game
(21:00 / All) ANGRY-JOE-NO.1: they said they were 2 female roommates
(21:05 / All) Hit1er: yeah, more seriously the past few months though
(21:11 / All) Hit1er: lol i dont think that was us
(21:17 / All) Hit1er: could have been...
(21:19 / All) WizardPrison: GOT ORANGE
(21:22 / All) Hit1er: LOL
(21:23 / All) WizardPrison: HE'S ALL GONE NOW
(21:24 / All) Hit1er: eat shit oj
(21:26 / All) ANGRY-JOE-NO.1: orange out
(21:27 / All) ANGRY-JOE-NO.1: out
(21:39 / All) nobi: ok i ll bann u of bnet and ligue
(21:41 / All) nobi: bye
(21:43 / All) Hit1er: HJAHAHA
(21:43 / All) ANGRY-JOE-NO.1: lawl
(21:44 / All) Hit1er: NIGGER
(21:45 / All) Hit1er: EAT SHIT
(21:49 / All) Hit1er: goteeem
(21:57 / All) Hit1er: thats all
(21:59 / All) Hit1er: have a win boys
(21:59 / All) WizardPrison: gg blokes